AoeStats
← CBarkley23

Arena

510799614Analyzed
1v1 RM · 16h ago on Oct 2, 2026· 33m 51s· 2 players
Game mode
Random Map
Map size
Tiny (2 player)
Population
200
Speed
Normal
Resources
Standard
Victory
Conquest
Starting age
Dark Age
Ending age
Imperial Age
RankedLock teamsTeams togetherTeam positionsShared explorationLock speedFull tech treeHidden civsTurbo modeCheats
Victory
Defeat
🇹🇷 Turks · Türkiye
820
+16
🇪🇸 Maya · Spain
812
-16
CBarkley23
0:37 Loom
11:16 Feudal Age
12:35 Wheelbarrow
11:47 Double-Bit Axe
12:01 Gold Mining
11:59 Horse Collar
20:35 Castle Age
18:42 Stone Mining
21:36 Bow Saw
21:28 Heavy Plow
22:00 Hand Cart
31:13 Imperial Age
29:08 Elite Skirmisher
29:54 Thumb Ring
29:40 Fletching
29:50 Padded Archer Armor
31:16 Bodkin Arrow
31:38 Leather Archer Armor
32:25 Scale Mail Armor
32:35 Forging
35:45 Imperial Age
34:15 Chain Mail Armor
34:36 Iron Casting
33:23 Eagle Warrior
34:03 Squires
aguzeller
11:41 Feudal Age
10:01 Loom
12:59 Double-Bit Axe
17:27 Castle Age
20:09 Bow Saw
23:25 Imperial Age
21:30 Gold Mining
21:54 Bow Saw
23:22 Padded Archer Armor
25:23 Leather Archer Armor
25:52 Horse Collar
Connection lost

Rejoining the realm…

Still unreachable

The connection could not be restored.

Session expired

The server has moved on; the page needs a fresh start.